 Dungeon Crawl Stone Soup version 0.19.4 (webtiles) character file.

47 Kjetter the Sneak (level 3, -1/33 HPs)
             Began as a Kobold Assassin on Feb 2, 2017.
             Slain by Sigmund
             ... wielding a +0 scythe
              (6 damage)
             ... on level 2 of the Dungeon.
             The game lasted 00:06:17 (1361 turns).

Kjetter the Sneak (Kobold Assassin)                 Turns: 1361, Time: 00:06:18

Health: -1/33      AC: 21    Str:  5 (8)  XL:     3   Next: 97%
Magic:  3/3        EV:  3    Int: 15 (17) God:
Gold:   23         SH:  0    Dex: 16 (17) Spells: 0 memorised, 2 levels left

rFire  . . .     SeeInvis .     a - +2 dagger
rCold  . . .     Gourm    .     (armour currently unavailable)
rNeg   + + +     Faith    .     (shield restricted)
rPois  +         Spirit   .     (helmet currently unavailable)
rElec  .         Reflect  .     (cloak currently unavailable)
rCorr  .         Harm     .     (gloves currently unavailable)
MR     .....     NoTele   +     (boots currently unavailable)
Stlth  +++.......               (no amulet)
                                (no ring)
                                (no ring)

@: brilliant, tree-form
A: carnivore 3
a: no special abilities


You were on level 2 of the Dungeon.
You were not hungry.
You were a tree.
You visited 1 branch of the dungeon, and saw 2 of its levels.

You collected 23 gold pieces.

Inventory:

Hand Weapons
 a - a +2 dagger (weapon)
 b - a +0 blowgun
Missiles
 e - 7 poisoned needles
 f - a curare-tipped needle
 h - 62 stones (quivered)
Armour
 c - a +0 robe
 d - a +0 cloak (melded)
 i - a cursed +0 robe (melded)
 v - a +0 pair of boots (melded)
Scrolls
 j - 2 scrolls of remove curse {unknown}
 l - a scroll of enchant weapon {unknown}
 m - a scroll of teleportation {unknown}
 q - a scroll of immolation {unknown}
 s - a scroll of fog {unknown}
 w - a scroll of identify {unknown}
Comestibles
 g - a meat ration
 n - a slice of pizza
 u - a beef jerky


   Skills:
 + Level 2.7 Fighting
 * Level 3.5 Short Blades
 + Level 2.6 Throwing
 + Level 1.9 Dodging
 * Level 5.7 Stealth


You had 2 spell levels left.
You didn't know any spells.

Dungeon Overview and Level Annotations

Branches:
Dungeon (2/15)

Altars:

Annotations:
D:2 Sigmund


Innate Abilities, Weirdness & Mutations

You are small and have problems with some larger weapons.
You are carnivorous and can eat meat at any time.


Message History

You cannot move.
You cannot move.
You cannot move.
Something hits you but does no damage.
You cannot move.
You cannot move.
You cannot move.
It was a potion of degeneration.
There was something very wrong with that liquid.
You feel weakened.
You feel dopey.
You feel clumsy.
It was a potion of brilliance.
You feel clever all of a sudden. Something hits you!
* * * LOW HITPOINT WARNING * * *
Unknown command.
Something hits you but does no damage. Something hits you but does no damage.
Something hits you but does no damage. Something hits you.
You die...

#..?....# #........ #.......#
#........ ######
#.......###........ #....#
#.................. #.(..#
#..................
#....####..................
#....##(....................
#....##.#####{#####.##### #.
+......>...♣............# #.
#l........###...........# #.
.......####...............###.
###[...# #...............##..
#....# #....?.####+###.##..
#.#... #<.....# #.........
#.#... ##.[...# ######.#.. #
#.. +.....# #.#.†
#.....#########.#..


There were no monsters in sight!

Vanquished Creatures
  An adder (D:2)
  A worm (D:2)
  2 dart slugs (D:1)
  4 giant cockroaches
  2 goblins (D:1)
  6 jackals (D:1)
  4 bats (D:1)
  3 frilled lizards
  4 kobolds
  4 rats
31 creatures vanquished.

Notes
Turn   | Place    | Note
-------+----------+-------------------------------------------
     0 | D:1      | Kjetter the Kobold Assassin began the quest for the Orb.
     0 | D:1      | Reached XP level 1. HP: 12/12 MP: 1/1
    47 | D:1      | Reached XP level 2. HP: 2/17 MP: 2/2
   661 | D:1      | Reached XP level 3. HP: 22/22 MP: 3/3
  1103 | D:2      | Found a faded altar of an unknown god.
  1184 | D:2      | Noticed Sigmund
  1361 | D:2      | Slain by Sigmund

Skill      XL: |  1 |
---------------+----+-----
Short Blades   | 3 |  3.5
Fighting       | |  2.7
Throwing       | |  2.6
Dodging        | |  1.9
Stealth        | |  5.7

Action                   || total
-------------------------++-------
Melee: Dagger            ||   109
 Fire: Blowgun           ||     4
  Use: Potion            ||     5
 Stab: Sleeping          ||     8
  Eat: Chunk             ||     4
Armor: Robe              ||    18
       Skin              ||     5
Dodge: Dodged            ||    70
